 Dungeon Crawl Stone Soup version 0.22.1-6-g1668fe2 (webtiles) character file.

282800 Tiagovsky the Slayer (level 19, 0/255 HPs)
             Began as a Minotaur Monk on Jan 23, 2019.
             Was the Champion of Ru.
             Killed from afar by a starcursed mass (7 damage)
             ... with an accursed screaming
             ... on level 2 of the Abyss on Jan 26, 2019.
             The game lasted 03:33:45 (50461 turns).

Tiagovsky the Slayer (Minotaur Monk)               Turns: 50461, Time: 03:33:45

Health: 0/255      AC: 29    Str: 23    XL:     19   Next: 74%
Magic:  16/16      EV:  2    Int:  9    God:    Ru [******]
Gold:   2089       SH: 23    Dex: 14    Spells: 18/18 levels left

rFire    . . .     SeeInvis .   Z - +3 morningstar
rCold    + . .     Gourm    .   o - +2 large shield
rNeg     + + +     Faith    .   (armour currently unavailable)
rPois    +         Spirit   .   (helmet currently unavailable)
rElec    .         Reflect  .   (cloak currently unavailable)
rCorr    .         Harm     .   (gloves currently unavailable)
MR       +....     Rnd*Rage +   (boots currently unavailable) Stlth ..........NoTele +
                                K - amulet of the acrobat
HPRegen  0.52/turn              S - ring of protection from cold
MPRegen  0.15/turn              g - ring "Vacvufe" {*Corrode +Fly rPois rN+ Int+4}

@: tree-form, drained, invisible
A: (retaliatory headbutt), berserk 1, dopey 1, frail 1, low mp 3, screaming 1,
no stealth, hated by all, no ice magic, no summoning magic, no transmutations
magic
}: 2/15 runes: barnacled, gossamer
a: Draw Out Power, Power Leap, Apocalypse, Renounce Religion


You were on level 2 of the Abyss.
You worshipped Ru.
Ru was exalted by your worship.
You were hungry.
You were a tree.
You visited 8 branches of the dungeon, and saw 36 of its levels.
You visited the Abyss 1 time.
You also visited: Bailey.

You collected 3002 gold pieces.
You spent 913 gold pieces at shops.

Inventory:

Hand Weapons
 Z - a +3 morningstar (weapon)
Missiles
 d - 1135 stones
 s - 66 tomahawks
 x - 13 javelins of penetration (quivered)
 B - 53 javelins
Armour
 o - a +2 large shield (worn)
 p - a +2 hat of see invisible (melded)
 C - a +2 shield of fire resistance
 D - a +2 pair of gloves (melded)
 N - a scarf of resistance (melded)
 P - the +8 plate armour of the Yeti (melded) {rElec Int+4 Slay+3 Stlth-}
   (You found it on level 2 of the Lair of Beasts)

   It affects your intelligence (+4).
   It affects your accuracy and damage with ranged weapons and melee attacks
   (+3).
   It insulates you from electricity.
   It makes you less stealthy.
 R - a +1 pair of boots (melded)
Jewellery
 e - an uncursed ring of protection from fire
 g - the ring "Vacvufe" (right branch) {*Corrode +Fly rPois rN+ Int+4}
   (You bought it in a shop on level 2 of the Vaults)

   [ring of flight]

   It affects your intelligence (+4).
   It protects you from poison.
   It protects you from negative energy.
   It lets you fly.
   It may corrode you when you take damage.
 K - an amulet of the acrobat (around neck)
 S - a ring of protection from cold (left branch)
Wands
 a - a wand of disintegration (15)
 k - a wand of clouds (5)
 q - a wand of flame (58)
 t - a wand of scattershot (5)
 u - a wand of iceblast (85)
 A - a wand of polymorph (39)
 J - a wand of acid (44)
 M - a wand of digging (12)
 W - a wand of paralysis (56)
Scrolls
 h - 5 scrolls of blinking
 i - 4 scrolls of identify
 j - 4 scrolls of magic mapping
 r - 5 scrolls of fear
 w - 14 scrolls of remove curse
 y - 6 scrolls of teleportation
 z - 4 scrolls of fog
 F - 2 scrolls of enchant weapon
 G - 2 scrolls of immolation
 H - 6 scrolls of enchant armour
Potions
 b - 4 potions of might
 f - 13 potions of curing
 l - 7 potions of haste
 m - 6 potions of flight
 n - 3 potions of agility
 v - a potion of cancellation
 E - 7 potions of ambrosia
 I - 5 potions of brilliance
 L - 5 potions of resistance
 Q - a potion of magic
 U - 2 potions of invisibility
 V - a potion of berserk rage
 X - 2 potions of lignification
Comestibles
 c - 23 rations
 O - 2 chunks of flesh


   Skills:
 + Level 21.1(19.8) Fighting
 + Level 19.8(18.4) Maces & Flails
   Level 4.8(3.9) Polearms
 + Level 17.1(15.8) Armour
 - Level 12.0(10.8) Dodging
 + Level 18.5(17.2) Shields
 - Level 8.0(7.0) Evocations


You had 18 spell levels left.
You didn't know any spells.
Your spell library contained the following spells:

 Spells                   Type           Power        Failure   Level  Hunger
 Apportation              Tloc           #.....       73%         1    ##.....
 Confusing Touch          Hex            #.....       73%         1    ##.....
 Sting                    Conj/Pois      #...         73%         1    ##.....
 Poisonous Vapours        Pois/Air       #.....       86%         2    ###....
 Lesser Beckoning         Tloc           #.........   97%         3    ####...
 Mephitic Cloud           Conj/Pois/Air  #.......     97%         3    ####...
 Tukima's Dance           Hex            #.......     97%         3    ####...
 Leda's Liquefaction      Hex/Erth       #.........   100%        4    #####..
 Olgreb's Toxic Radiance  Pois           #.......     100%        4    #####..
 Bolt of Magma            Conj/Fire/Erth #.........   100%        5    ######.
 Fireball                 Conj/Fire      #.........   100%        5    ######.
 Venom Bolt               Conj/Pois      #.........   100%        5    ######.
 Bolt of Fire             Conj/Fire      #.........   100%        6    #######
 Invisibility             Hex            #.......     100%        6    #######
 Iron Shot                Conj/Erth      #.........   100%        6    #######
 Ring of Flames           Chrm/Fire      #.........   100%        7    #######
 Ignition                 Fire           #.........   100%        8    #######
 Shatter                  Erth           #.........   100%        9    #######
 Animate Skeleton         Necr           Unusable     N/A         1    N/A
 Summon Butterflies       Summ           Unusable     N/A         1    N/A
 Summon Small Mammal      Summ           Unusable     N/A         1    N/A
 Ignite Poison            Fire/Tmut/Pois Unusable     N/A         3    N/A
 Recall                   Summ/Tloc      Unusable     N/A         3    N/A
 Ice Form                 Ice/Tmut       Unusable     N/A         4    N/A
 Petrify                  Tmut/Erth      Unusable     N/A         4    N/A
 Alistair's Intoxication  Tmut/Pois      Unusable     N/A         5    N/A
 Aura of Abjuration       Summ           Unusable     N/A         5    N/A
 Metabolic Englaciation   Hex/Ice        Unusable     N/A         5    N/A
 Summon Demon             Summ           Unusable     N/A         5    N/A
 Summon Forest            Summ/Tloc      Unusable     N/A         5    N/A
 Summon Mana Viper        Hex/Summ       Unusable     N/A         5    N/A
 Bolt of Cold             Conj/Ice       Unusable     N/A         6    N/A
 Freezing Cloud           Conj/Ice/Air   Unusable     N/A         6    N/A
 Ozocubu's Refrigeration  Ice            Unusable     N/A         6    N/A
 Shadow Creatures         Summ           Unusable     N/A         6    N/A
 Simulacrum               Ice/Necr       Unusable     N/A         6    N/A
 Statue Form              Tmut/Erth      Unusable     N/A         6    N/A

Dungeon Overview and Level Annotations

Branches:
Dungeon (15/15)            Temple (1/1) D:4            Lair (6/6) D:10
 Shoals (4/4) Lair:2       Spider (4/4) Lair:2        Slime (0/5) Lair:6
    Orc (2/2) D:10            Elf (1/3) Orc:2        Vaults (3/5) D:14
 Depths (0/5) D:15
  Crypt: Vaults:2-3

Altars:
Ashenzari
Cheibriados
Dithmenos
Elyvilon
Fedhas
Gozag
Hepliaklqana
Kikubaaqudgha
Makhleb
Nemelex Xobeh
Okawaru
Qazlal
Ru
Sif Muna
Trog
Uskayaw
Vehumet
Wu Jian
Xom
Yredelemnul
Zin
The Shining One
Beogh
Jiyva

Shops:
D:10 ?   Orc:2 (=*%*   Shoals:1 ?   Vaults:2 =

Annotations:
Lair:6 2 runed doors, Qeggolorch's ghost, journeyman DDFi


Innate Abilities, Weirdness & Mutations

((You reflexively headbutt those who attack you in melee.))
((You have a pair of horns on your head.))
You are frail. (-10% HP)
Your magical capacity is extremely low. (-30% MP)
You occasionally shout uncontrollably at your foes.
You cannot be stealthy.
You are hated by all.
You cannot study or cast Ice magic.
You cannot study or cast Summoning magic.
You cannot study or cast Transmutations magic.
You tend to lose your temper in combat.
You are dopey. (Int -2)


Message History

The starcursed mass is moderately damaged.
The starcursed mass stops glowing.
A chorus of shrieks assaults your mind.
* * * LOW HITPOINT WARNING * * *
You hit the starcursed mass but do no damage.
The starcursed mass is moderately damaged.
A chorus of shrieks assaults your mind.
* * * LOW HITPOINT WARNING * * *
You block the starcursed mass's attack.
You puncture the starcursed mass!
The starcursed mass is severely damaged.
You block the starcursed mass's attack.
Unknown command.
You feel better.
A starcursed mass splits.
A chorus of shrieks assaults your mind.
* * * LOW HITPOINT WARNING * * *
You fade into invisibility!
You are no longer corroded.
The starcursed mass is no longer blind.
A chorus of shrieks assaults your mind.
You die...

.≈ .### .
≈ # #. .##
. .. . . .
♣ #.##+
##. . ..
......#.##
.# . .
+...#. # .
.. #...X##
. . ..#.
#♣# . . .
.#xX## .#
....≈# .
.'
....#.##
.. ......
# ....#...
.. .. ....
.# # .#≈♣
. . ## #
≈≈ ##.


You could see 2 starcursed masses and a small abomination.

Vanquished Creatures
  Saint Roka (Vaults:2)
  A sphinx (Vaults:1)
  A tentacled starspawn (Abyss:2)
  Gastronok (D:10)
  A tengu reaver (Vaults:1)
  Roxanne (Spider:2)
  A frost giant (Vaults:1)
  2 ghost moths
  An orc warlord (D:10)
  A cacodemon (Abyss:2)
  5 vault wardens
  Louise (Spider:1)
  5 emperor scorpions
  9 ironheart preservers
  A stone giant (Vaults:1)
  A deep elf demonologist (Vaults:1)
  2 entropy weavers
  A dire elephant (Lair:6)
  3 spark wasps (Spider:4)
  4 merfolk javelineers
  Snorg (Lair:4)
  2 fire dragons
  2 ettins
  3 great orbs of eyes
  8 yaktaur captains
  3 rakshasas
  8 merfolk impalers
  4 hydras
  6 vault guards (Vaults:1)
  3 merfolk avatars
  A catoblepas (Lair:6)
  2 ice dragons
  Harold (D:7)
  2 death knights
  17 two-headed ogres
  4 death yaks (Lair:6)
  8 centaur warriors
  4 merfolk aquamancers
  3 tengu warriors
  4 deep troll shamans
  8 death scarabs (Spider:4)
  7 ogre magi
  A hell hog (Abyss:2)
  An orc high priest (Orc:2)
  2 deep troll earth magi
  A hell knight (Vaults:1)
  2 deep elf knights (Vaults:1)
  A fire crab (shapeshifter) (Vaults:1)
  2 sixfirhies (Abyss:2)
  A spectral emperor scorpion (Spider:4)
  3 shadow wraiths
  A glowing orange brain (Vaults:1)
  6 skeletal warriors
  2 large abominations (Abyss:2)
  4 unseen horrors
  18 deep trolls
  16 sea snakes
  A flayed ghost (Vaults:1)
  A spectral wolf spider (Spider:4)
  4 wizards
  A deep elf archer (Vaults:1)
  4 ironbrand convokers
  A phantasmal warrior (Vaults:2)
  A harpy (shapeshifter) (Vaults:1)
  A shadow dragon zombie (Abyss:2)
  A necromancer (D:14)
  8 orb spiders
  13 orc knights
  7 harpies
  3 wolf spider zombies (Spider:4)
  3 deep elf magi
  A worldbinder (Abyss:2)
  3 orc sorcerers
  19 wolf spiders
  17 cyclopes
  17 fauns
  18 ugly things
  4 moths of wrath
  A moth of wrath (shapeshifter) (D:15)
  2 black mambas (Lair:6)
  25 elephants
  14 manticores
  Joseph (D:7)
  3 water nymphs
  A guardian serpent (Vaults:1)
  4 vault sentinels
  An orange demon (Abyss:2)
  10 merfolk sirens
  2 torpor snails (Spider:1)
  A gargoyle (D:12)
  A smoke demon (Abyss:2)
  A hellion (Abyss:2)
  4 spiny frogs
  6 spectral redbacks (Spider:4)
  5 komodo dragons
  20 yaktaurs
  7 freezing wraiths
  3 kobold demonologists
  A redback zombie (Spider:4)
  3 tengu conjurers
  12 demonic crawlers
  30 merfolk
  15 jumping spiders
  18 trolls
  3 meliai (D:13)
  A polar bear (shapeshifter) (Vaults:2)
  A spectral jumping spider (Spider:4)
  A wind drake (shapeshifter) (D:15)
  A hydra zombie (Abyss:2)
  A polar bear (Lair:6)
  3 spectral tarantellas (Spider:4)
  11 hornets
  10 blink frogs
  4 dream sheep (Shoals:3)
  A tarantella zombie (Spider:4)
  10 hippogriffs
  3 raiju (Abyss:2)
  11 tyrant leeches
  3 wind drakes
  28 slime creatures
  8 snapping turtles
  A jumping spider zombie (Spider:4)
  67 redbacks
  A spriggan (D:8)
  A wyvern (D:14)
  A ynoxinul (Abyss:2)
  8 water elementals
  A tarantella (shapeshifter) (Vaults:1)
  33 tarantellas
  2 shadows
  3 hungry ghosts
  A hog (shapeshifter) (D:15)
  A vampire (D:13)
  3 wraiths
  26 yaks
  10 vampire mosquitoes
  11 basilisks
  A neqoxec (Abyss:2)
  4 swamp worms (Spider:1)
  2 steam dragons
  2 acid dragons
  4 wargs
  5 porcupines
  A porcupine (shapeshifter) (Vaults:1)
  4 phantoms
  3 spectral hornets (Spider:4)
  11 water moccasins
  Duvessa (D:7)
  2 eyes of draining (D:13)
  5 ice beasts
  3 sky beasts
  2 hornet zombies (Spider:4)
  An ettin simulacrum (Vaults:2)
  36 orc warriors
  2 black bears (Lair:6)
  3 boggarts (D:15)
  37 ogres
  19 centaurs
  17 wolves
  A necrophage (D:6)
  2 big kobolds
  10 crocodiles
  5 small abominations (Abyss:2)
  18 bullfrogs
  Dowan (D:7)
  A water moccasin skeleton (D:10)
  9 scorpions
  12 killer bees
  10 wights
  An electric eel (Lair:1)
  3 howler monkeys
  4 crimson imps
  7 starcursed masses (Abyss:2)
  A bullfrog zombie (D:12)
  3 quasits
  22 orc priests
  8 hounds
  5 centaur zombies
  3 jellies
  5 centaur skeletons
  18 orc wizards
  4 bullfrog skeletons
  Jessica (D:3)
  5 iguanas
  Natasha (thrice) (D:3)
  17 worker ants
  3 hound skeletons
  A worker ant zombie (D:7)
  9 gnolls
  12 adders
  8 shadow imps
  2 ufetubi (Abyss:2)
  An ooze (D:2)
  An adder zombie (D:4)
  3 worms
  A dart slug (D:4)
  7 leopard geckos
  91 orcs
  11 giant cockroaches
  6 goblins
  4 hobgoblins
  11 jackals
  3 quokkas
  6 bats
  4 frilled lizards
  15 kobolds
  A quokka skeleton (D:4)
  A quokka zombie (D:8)
  3 rats
  2 plants
1344 creatures vanquished.

Vanquished Creatures (others)
  Xtahua (Vaults:2)
  Asterion (Vaults:2)
  A tengu reaver (Vaults:1)
  A fire giant (Vaults:1)
  Nessos (Lair:5)
  A satyr (Shoals:4)
  2 slime creatures (Vaults:2)
  A deep troll (Vaults:2)
  A harpy (Vaults:2)
  A demonic crawler (Spider:2)
  2 tarantellas
  A yak (Lair:4)
  A large abomination (Abyss:2)
  An ogre (Orc:1)
  A centaur (Vaults:2)
  An orc priest (Vaults:1)
  An orc wizard (Orc:2)
  4 orcs
  A kobold (D:11)
  8 fungi
  12 plants
  3 starspawn tentacles (Abyss:2)
47 creatures vanquished.

Grand Total: 1391 creatures vanquished

Notes
Turn   | Place    | Note
-------+----------+-------------------------------------------
     0 | D:1      | Tiagovsky the Minotaur Monk began the quest for the Orb.
     0 | D:1      | Reached XP level 1. HP: 19/19 MP: 0/0
    67 | D:1      | Reached skill level 4 in Fighting
    67 | D:1      | Reached XP level 2. HP: 9/27 MP: 1/1
   731 | D:1      | Reached skill level 1 in Polearms
  1096 | D:1      | Reached XP level 3. HP: 28/34 MP: 2/2
  1370 | D:2      | Found a shimmering altar of Xom.
  1373 | D:2      | Found a hazy altar of Hepliaklqana.
  1373 | D:2      | Noticed a yak
  1374 | D:2      | Noticed a spectral ugly thing
  1374 | D:2      | Noticed a yak
  1472 | D:2      | Reached XP level 4. HP: 41/41 MP: 3/3
  1499 | D:2      | Found a burning altar of Makhleb.
  1523 | D:2      | Reached skill level 5 in Fighting
  2013 | D:3      | Noticed Natasha
  2028 | D:3      | Killed Natasha
  2091 | D:3      | Noticed Natasha
  2122 | D:3      | Killed Natasha
  2122 | D:3      | Reached XP level 5. HP: 45/48 MP: 4/4
  2123 | D:3      | Found a basalt altar of Yredelemnul.
  2135 | D:3      | Noticed Natasha
  2162 | D:3      | Killed Natasha
  2444 | D:3      | Noticed Jessica
  2447 | D:3      | Killed Jessica
  2509 | D:3      | Reached skill level 6 in Fighting
  2823 | D:4      | Found a sparkling altar of Nemelex Xobeh.
  2978 | D:4      | Reached XP level 6. HP: 57/57 MP: 5/5
  3245 | D:4      | Found a blossoming altar of Fedhas.
  3507 | D:4      | Reached skill level 7 in Fighting
  3653 | D:4      | Found a staircase to the Ecumenical Temple.
  3659 | Temple   | Entered the Ecumenical Temple
  3950 | D:4      | Reached skill level 5 in Maces & Flails
  3950 | D:4      | Reached XP level 7. HP: 63/66 MP: 6/6
  4653 | D:5      | Entered Level 5 of the Dungeon
  4830 | D:5      | Reached skill level 1 in Armour
  5001 | D:5      | Reached skill level 8 in Fighting
  5293 | D:6      | Found a snail-covered altar of Cheibriados.
  5364 | D:6      | Reached XP level 8. HP: 70/75 MP: 7/7
  5430 | D:6      | Found an opulent altar of Gozag.
  5711 | D:6      | Found a deep blue altar of Sif Muna.
  6245 | D:6      | Reached skill level 9 in Fighting
  6941 | D:7      | Reached skill level 5 in Armour
  6958 | D:7      | Found an iron altar of Okawaru.
  7219 | D:7      | Reached XP level 9. HP: 60/85 MP: 8/8
  7387 | D:7      | Found a sacrificial altar of Ru.
  7391 | D:7      | Became a worshipper of Ru the Awakened
  7399 | D:7      | Gained mutation: You are hated by all. [Ru sacrifice]
  7399 | D:7      | Reached * piety under Ru
  7502 | D:7      | Noticed Duvessa
  7504 | D:7      | Noticed Dowan
  7505 | D:7      | Noticed Harold
  7513 | D:7      | Killed Duvessa
  7533 | D:7      | Killed Harold
  7533 | D:7      | Reached skill level 10 in Fighting
  7540 | D:7      | Killed Dowan
  7651 | D:7      | Found a shattered altar of Ashenzari.
  7682 | D:7      | Noticed Joseph
  7704 | D:7      | Killed Joseph
  7704 | D:7      | Reached skill level 1 in Evocations
  8057 | D:7      | Found a glowing golden altar of the Shining One.
  8181 | D:7      | Found a snail-covered altar of Cheibriados.
  8191 | D:7      | Found a hide-covered altar of Uskayaw.
  8254 | D:8      | Found a flagged portal.
  8282 | Bailey   | Entered a bailey
  8660 | D:8      | Paralysed by a hornet for 2 turns
  8666 | D:8      | Paralysed by a hornet for 2 turns
  8668 | D:8      | Reached skill level 11 in Fighting
  8739 | D:8      | Reached XP level 10. HP: 56/95 MP: 10/10
  9040 | D:8      | Found a white marble altar of Elyvilon.
  9174 | D:8      | Reached skill level 10 in Maces & Flails
  9313 | D:8      | Found a glowing golden altar of the Shining One.
  9923 | D:9      | Gained mutation: You cannot study or cast Ice magic. [Ru
                  | sacrifice]
  9923 | D:9      | Gained mutation: You cannot study or cast Transmutations
                  | magic. [Ru sacrifice]
  9923 | D:9      | Gained mutation: You cannot study or cast Summoning magic.
                  | [Ru sacrifice]
  9923 | D:9      | Reached ** piety under Ru
 11255 | D:9      | Paralysed by a hornet for 1 turns
 11644 | D:9      | Reached skill level 12 in Fighting
 11741 | D:10     | Entered Level 10 of the Dungeon
 11822 | D:10     | Noticed a two-headed ogre
 11836 | D:10     | Killed a two-headed ogre
 12024 | D:10     | Found a staircase to the Lair.
 12024 | D:10     | Noticed an elephant
 12046 | D:10     | Reached XP level 11. HP: 104/104 MP: 13/13
 12369 | D:10     | Noticed Gastronok
 12390 | D:10     | Killed Gastronok
 12390 | D:10     | Reached skill level 10 in Armour
 12390 | D:10     | Reached skill level 5 in Evocations
 12431 | D:10     | Found Puenayc's Magic Scroll Boutique.
 12468 | D:10     | Noticed an unseen horror
 12471 | D:10     | Noticed an unseen horror
 12476 | D:10     | Killed an unseen horror
 12489 | D:10     | Killed an unseen horror
 12640 | D:10     | Gained mutation: Your magical capacity is low. (-10% MP)
                  | [Ru sacrifice]
 12640 | D:10     | Reached *** piety under Ru
 12822 | D:10     | Found a staircase to the Orcish Mines.
 13294 | Lair:1   | Entered Level 1 of the Lair of Beasts
 13543 | Lair:1   | Reached skill level 13 in Fighting
 14106 | Lair:1   | You fall through a shaft!
 14537 | Lair:2   | Found a hole to the Spider Nest.
 14984 | Lair:2   | Found a staircase to the Shoals.
 14986 | Lair:2   | Gained mutation: Your magical capacity is very low. (-20%
                  | MP) [Ru sacrifice]
 14986 | Lair:2   | Reached **** piety under Ru
 15216 | Lair:3   | Reached XP level 12. HP: 115/115 MP: 12/12
 16061 | Lair:2   | Got a brightly glowing plate armour
 16072 | Lair:2   | Identified the +8 plate armour of the Yeti {rElec Int+4
                  | Slay+3 Stlth-} (You found it on level 2 of the Lair of
                  | Beasts)
 16288 | Lair:4   | Noticed Snorg
 16307 | Lair:4   | Killed Snorg
 16312 | Lair:4   | Got a dazzling chain mail
 16500 | Lair:3   | Identified the +2 chain mail "Mustaevvog" {rElec rN+ rCorr
                  | Str+6} (You found it on level 4 of the Lair of Beasts)
 16888 | Lair:4   | Noticed a four-headed hydra
 16896 | Lair:4   | Killed a four-headed hydra
 17472 | Lair:5   | Noticed Nessos
 18188 | Lair:5   | Killed Nessos
 18332 | Lair:5   | Reached skill level 5 in Dodging
 18349 | Lair:5   | Reached skill level 14 in Fighting
 19116 | Lair:6   | Entered Level 6 of the Lair of Beasts
 19116 | Lair:6   | Noticed a five-headed hydra
 19138 | Lair:5   | Killed a five-headed hydra
 19138 | Lair:5   | Reached skill level 1 in Shields
 19354 | Lair:6   | Reached XP level 13. HP: 93/124 MP: 14/14
 19710 | Lair:6   | Found a runed door.
 19713 | Lair:6   | Noticed Qeggolorch's ghost (journeyman DDFi)
 19713 | Lair:6   | Noticed a dire elephant
 20193 | Lair:6   | Noticed a dire elephant
 20210 | Lair:6   | Reached skill level 5 in Shields
 20235 | Lair:6   | Killed a dire elephant
 20813 | Lair:6   | Found a runed door.
 20813 | Lair:6   | Found a viscous altar of Jiyva.
 20815 | Lair:6   | Noticed an acid blob
 20815 | Lair:6   | Noticed an acid blob
 20816 | Lair:6   | Found a staircase to the Slime Pits.
 21136 | D:11     | Reached skill level 15 in Fighting
 23099 | D:12     | Reached XP level 14. HP: 135/135 MP: 15/15
 23762 | D:13     | Gained mutation: Your magical capacity is extremely low.
                  | (-30% MP) [Ru sacrifice]
 23917 | D:13     | Reached skill level 10 in Shields
 24932 | D:14     | Found a gate to the Vaults.
 25411 | D:14     | Reached skill level 15 in Maces & Flails
 25607 | Orc:1    | Entered Level 1 of the Orcish Mines
 25607 | Orc:1    | Noticed an orc warlord
 25656 | D:10     | Killed an orc warlord
 25876 | D:10     | Gained mutation: You occasionally shout uncontrollably at
                  | your foes. [Ru sacrifice]
 25876 | D:10     | Reached ***** piety under Ru
 25972 | Orc:1    | Reached skill level 16 in Fighting
 26370 | Orc:1    | Found a roughly hewn altar of Beogh.
 26462 | Orc:2    | Entered Level 2 of the Orcish Mines
 26462 | Orc:2    | Found Puohol's Jewellery Shop.
 26797 | Orc:1    | Reached XP level 15. HP: 94/144 MP: 13/13
 26950 | Orc:1    | Reached skill level 10 in Dodging
 27663 | Orc:2    | Found Wifeuxi's Food Boutique.
 27669 | Orc:2    | Found Pasche's Weapon Shoppe.
 27671 | Orc:2    | Bought an uncursed ring of poison resistance for 340 gold
                  | pieces
 27681 | Orc:2    | Found Wucriph's Assorted Antiques.
 27690 | Orc:2    | Bought a scroll of identify for 38 gold pieces
 27696 | Orc:2    | Found a staircase to the Elven Halls.
 28169 | Orc:2    | Found a roughly hewn altar of Beogh.
 28203 | Orc:2    | Found Egeboig's Assorted Antiques.
 28565 | Spider:1 | Entered Level 1 of the Spider Nest
 29765 | Spider:1 | Noticed Louise
 29777 | Spider:1 | Killed Louise
 30197 | Spider:2 | Noticed a ghost moth
 30209 | Spider:2 | Killed a ghost moth
 30697 | Spider:2 | Reached skill level 17 in Fighting
 30973 | Spider:2 | Noticed Roxanne
 31001 | Spider:2 | Killed Roxanne
 31002 | Spider:2 | Identified Roxanne's Volume of the Mountains (You took it
                  | off Roxanne on level 2 of the Spider Nest)
 32283 | Spider:3 | Reached XP level 16. HP: 155/155 MP: 14/14
 33772 | Spider:4 | Entered Level 4 of the Spider Nest
 33828 | Spider:4 | Reached skill level 18 in Fighting
 34896 | Spider:4 | Reached skill level 15 in Shields
 35222 | Spider:4 | Got a gossamer rune of Zot
 35531 | Elf:1    | Entered Level 1 of the Elven Halls
 35655 | Shoals:1 | Entered Level 1 of the Shoals
 36158 | Shoals:1 | Reached XP level 17. HP: 83/166 MP: 15/15
 36781 | Shoals:1 | Found Fano's Magic Scroll Emporium.
 38633 | Shoals:3 | Reached skill level 19 in Fighting
 39996 | Shoals:4 | Entered Level 4 of the Shoals
 40858 | Shoals:4 | Got a barnacled rune of Zot
 41107 | D:15     | Entered Level 15 of the Dungeon
 41400 | D:15     | Found a staircase to the Depths.
 42158 | Vaults:1 | Entered Level 1 of the Vaults
 42332 | Vaults:1 | Reached XP level 18. HP: 142/177 MP: 15/15
 42698 | Vaults:1 | Reached skill level 15 in Armour
 44177 | Vaults:1 | Reached skill level 20 in Fighting
 44338 | Vaults:1 | Gained mutation: You cannot be stealthy. [Ru sacrifice]
 44381 | Vaults:1 | Noticed an Ice Fiend
 44414 | Vaults:1 | Noticed a Hell Sentinel
 44418 | Vaults:1 | HP: 2/178 [acid (14)]
 44421 | Vaults:1 | Noticed an Ice Fiend
 44428 | Vaults:1 | HP: 3/178 [stone giant (19)]
 44433 | Vaults:1 | HP: 3/178 [stone giant (9)]
 44919 | Vaults:1 | Paralysed by an ogre mage for 2 turns
 44927 | Vaults:1 | Paralysed by an ogre mage for 7 turns
 45072 | Vaults:1 | Paralysed by a sphinx for 5 turns
 45079 | Vaults:1 | Paralysed by a sphinx for 4 turns
 45667 | Vaults:1 | Paralysed by a sphinx for 7 turns
 46368 | Vaults:2 | Noticed Xtahua
 46525 | Vaults:2 | Paralysed by Xtahua for 4 turns
 46529 | Vaults:2 | Killed Xtahua
 46983 | Vaults:2 | Reached XP level 19. HP: 183/187 MP: 16/16
 47034 | Vaults:2 | Noticed Asterion
 47058 | Vaults:2 | Killed Asterion
 48405 | Vaults:2 | Noticed Saint Roka
 48434 | Vaults:2 | Killed Saint Roka
 48481 | Vaults:2 | Gained mutation: You are frail. (-10% HP) [Ru sacrifice]
 48481 | Vaults:2 | Reached ****** piety under Ru
 49732 | Vaults:2 | Reached skill level 21 in Fighting
 49807 | Vaults:2 | Found Edghostoawk's Jewellery Shoppe.
 49825 | Vaults:2 | Bought the ring "Vacvufe" {*Corrode +Fly rPois rN+ Int+4}
                  | for 535 gold pieces
 49997 | Vaults:3 | Cast into level 2 of the Abyss (a deep elf sorcerer)
 50365 | Abyss:2  | Gained mutation: You tend to lose your temper in combat. [a
                  | cacodemon]
 50375 | Abyss:2  | Gained mutation: You are dopey. (Int -2) [a cacodemon]
 50396 | Abyss:2  | Paralysed by accursed screaming for 1 turns
 50457 | Abyss:2  | HP: 12/255 [starcursed mass/accursed screaming (7)]
 50458 | Abyss:2  | HP: 4/255 [starcursed mass/accursed screaming (8)]
 50461 | Abyss:2  | Killed from afar by a starcursed mass

Skill      XL: |  1  2  3  4  5  6  7  8  9 10 11 12 13 14 15 16 17 18 19 |
---------------+----------------------------------------------------------+-----
Fighting       | 4 5 6 7 8 9 11 12 13 14 15 16 17 18 19 20 21 | 21.1
Maces & Flails | 4 5 6 8 9 11 12 13 14 15 16 18 19 | 19.8
Polearms       | 1 2 3 4 |  4.8
Armour         | 2 5 7 9 11 12 13 14 16 17 | 17.1
Evocations     | 2 4 6 7 8 |  8.0
Dodging        | 5 8 9 11 12 | 12.0
Shields        | 2 9 11 13 15 16 17 18 | 18.5
Stealth        | 0 |  0.0

Action                   |  1- 3 |  4- 6 |  7- 9 | 10-12 | 13-15 | 16-18 | 19-21 || total
-------------------------+-------+-------+-------+-------+-------+-------+-------++-------
Melee: Mace              |     9 |       |       |       |       |       |       ||     9
       Headbutt          |     7 |    26 |    59 |   171 |   417 |   562 |   188 ||  1430
       Spear             |    69 |   111 |       |       |       |       |       ||   180
       Flail             |       |    20 |   263 |   679 |   242 |       |       ||  1204
       Morningstar       |       |       |       |       |  1293 |  2025 |   672 ||  3990
Throw: Tomahawk          |       |     4 |       |     1 |     2 |       |       ||     7
       Stone             |       |     3 |       |       |       |     2 |       ||     5
       Javelin           |       |       |       |       |       |    41 |       ||    41
Invok: Sacrifice Love    |       |       |     1 |       |       |       |       ||     1
       Sacrifice Arcana  |       |       |       |     1 |       |       |       ||     1
       Sacrifice Essence |       |       |       |     2 |     1 |       |       ||     3
       Draw Out Power    |       |       |       |     2 |     4 |    12 |     8 ||    26
       Reject Sacrifices |       |       |       |     1 |     1 |     1 |       ||     3
       Sacrifice Purity  |       |       |       |       |     1 |       |       ||     1
       Apocalypse        |       |       |       |       |     1 |     3 |       ||     4
       Sacrifice Stealth |       |       |       |       |       |     1 |       ||     1
       Sacrifice Health  |       |       |       |       |       |       |     1 ||     1
 Abil: Evoke Invisibilit |       |       |       |     1 |       |       |       ||     1
  Use: Scroll            |     2 |     7 |     1 |    14 |    19 |    14 |     5 ||    62
       Potion            |       |       |       |     3 |     2 |     5 |     5 ||    15
 Stab: Sleeping          |     2 |       |       |       |       |       |       ||     2
       Distracted        |       |       |       |     2 |     8 |    11 |     1 ||    22
       Invisible         |       |       |       |     5 |     6 |     9 |     2 ||    22
       Petrified         |       |       |       |       |     5 |       |       ||     5
       Paralysed         |       |       |       |       |     1 |     3 |     1 ||     5
  Eat: Chunk             |     2 |     7 |    13 |    27 |    32 |    26 |    11 ||   118
       Ration            |       |       |     1 |     2 |     4 |     7 |       ||    14
Armor: Robe              |     6 |       |       |       |       |       |       ||     6
       Scale mail        |    21 |    58 |   174 |    78 |       |       |       ||   331
       Ring mail         |       |       |    12 |       |       |       |       ||    12
       Plate armour      |       |       |       |   432 |   708 |   873 |   247 ||  2260
       Chain mail        |       |       |       |    18 |       |       |       ||    18
       Skin              |       |       |       |       |       |       |     1 ||     1
Dodge: Dodged            |    53 |    53 |   194 |   503 |   803 |  1014 |   242 ||  2862
Block: Shield            |       |       |       |    23 |  1123 |  1570 |       ||  2716
       Large shield      |       |       |       |       |       |    95 |   828 ||   923
